 Dungeon Crawl Stone Soup version 0.30.0-11-gf55b779eaf (webtiles) character file.

Game seed: 10585407481358969509

449290 Lobster4 the Earth Mage (level 25, -9/163 (201) HPs)
             Began as a Human Wanderer on May 15, 2023.
             Was the Champion of Vehumet.
             Killed from afar by a Tzitzimitl (50 damage)
             ... with a bolt of negative energy
             ... called by a doom hound
             ... on level 1 of the Depths on May 17, 2023.
             The game lasted 04:19:59 (67886 turns).

Lobster4 the Earth Mage (Human Wanderer)           Turns: 67886, Time: 04:19:59

HP:   -9/163 (201)  AC: 22    Str: 12    XL:     25   Next: 46%
MP:   5/51          EV: 19    Int: 29    God:    Vehumet [******]
Gold: 1884          SH: 12    Dex: 18    Spells: 15/55 levels left

rFire   + . .        a - +3 Elemental Staff {rElec rF+ rC+ AC+3}
rCold   + + +        k - +0 buckler of Negation {rCorr Dex+2}
rNeg    . . .        n - +3 robe of Clouds {*Thunder rCloud rElec}
rPois   +            g - +2 hat {Int+3}
rElec   +            D - +3 cloak of Bitterness {Drain rPois Regen+}
rCorr   +            y - +2 pair of gloves
SInv    .            V - +2 pair of boots {Fly}
Will    ++...        l - amulet of reflection
Stlth   ++           r - ring "Waddos" {rC+ Will+}
HPRegen 1.27/turn    w - ring of Conflict {rC+ MP+9 Int+4 Slay-4}
MPRegen 0.32/turn

%: reflection
@: about to teleport, flying, slowed, studying Translocations, heavily drained,
very slow
A: no striking features
}: 2/15 runes: serpentine, barnacled
a: Renounce Religion


You were on level 1 of the Depths.
You worshipped Vehumet.
Vehumet was exalted by your worship.
You visited 8 branches of the dungeon, and saw 39 of its levels.
You also visited: Trove, Ice Cave and Desolation.

You collected 6596 gold pieces.
You spent 4712 gold pieces at shops.

Inventory:

Hand Weapons
 a - the +3 Elemental Staff (weapon) {rElec rF+ rC+ AC+3}
   (You bought it in a shop on level 4 of the Dungeon)

   It enhances your fire, ice, earth and air magic.
   AC:        It affects your AC (+3).
   rF:        It protects you from fire.
   rC:        It protects you from cold.
   rElec:     It insulates you from electricity.
Armour
 g - a +2 hat of intelligence (worn)
 k - the +0 buckler of Negation (worn) {rCorr Dex+2}
   (You took it off a deep elf demonologist on level 3 of the Elven Halls)

   Dex:       It affects your dexterity (+2).
   rCorr:     It protects you from acid and corrosion.
 n - the +3 robe of Clouds (worn) {*Thunder rCloud rElec}
   (You took it off a deep elf sorcerer on level 3 of the Elven Halls)

   *Thunder:  It occasionally creates storm clouds above nearby enemies.
   rCloud:    It grants its wearer immunity to clouds.
   rElec:     It insulates you from electricity.
 y - a +2 pair of gloves (worn)
 D - the +3 cloak of Bitterness (worn) {Drain rPois Regen+}
   (You found it in a treasure trove)

   rPois:     It protects you from poison.
   Regen:     It increases your rate of health regeneration.
   Drain:     It drains your maximum health when unequipped.
 V - a +2 pair of boots of flying (worn)
 X - the +7 kite shield "Assau" {+Blink rElec rPois Int+2}
   (You found it in a treasure trove)

   Int:       It affects your intelligence (+2).
   rElec:     It insulates you from electricity.
   rPois:     It protects you from poison.
   +Blink:    It lets you blink.
Jewellery
 f - the ring of the Ancients {Fly rElec Int+3 Dex-2}
   (You acquired it on level 13 of the Dungeon)

   [ring of flight]

   Int:       It affects your intelligence (+3).
   Dex:       It affects your dexterity (-2).
   rElec:     It insulates you from electricity.
   Fly:       It grants you flight.
 i - a ring of see invisible
 j - an amulet of faith
 l - an amulet of reflection (around neck)
 r - the ring "Waddos" (left hand) {rC+ Will+}
   (You took it off a deep elf demonologist on level 3 of the Elven Halls)

   [ring of willpower]

   rC:        It protects you from cold.
   Will:      It increases your willpower.
 w - the ring of Conflict (right hand) {rC+ MP+9 Int+4 Slay-4}
   (You bought it in a shop on level 3 of the Dungeon)

   [ring of magical power]

   Int:       It affects your intelligence (+4).
   Slay:      It affects your accuracy & damage with ranged weapons and melee
   (-4).
   rC:        It protects you from cold.
   MP:        It affects your magic capacity (+9).
 R - the amulet "Goafrar" {Acrobat +Inv rPois Int+6}
   (You bought it in a shop on level 2 of the Orcish Mines)

   [amulet of the acrobat]

   It increases your evasion while moving and waiting.
   Int:       It affects your intelligence (+6).
   rPois:     It protects you from poison.
   +Inv:      It lets you turn invisible.
Wands
 h - a wand of digging (12)
 p - a wand of acid (20)
 Q - a wand of iceblast (43)
 W - a wand of paralysis (32)
 Y - a wand of mindburst (18)
Scrolls
 b - 8 scrolls of blinking
 c - 5 scrolls of fog
 d - 7 scrolls of teleportation
 e - 4 scrolls of immolation
 s - 6 scrolls of amnesia
 E - 4 scrolls of fear
 H - 4 scrolls of poison
 O - 2 scrolls of magic mapping
 Z - 2 scrolls of silence
Potions
 m - 7 potions of brilliance
 o - 13 potions of might
 t - 5 potions of haste
 u - 18 potions of curing
 v - 9 potions of heal wounds
 x - 2 potions of resistance
 B - 6 potions of berserk rage
 F - 9 potions of mutation
 G - 5 potions of invisibility
 I - 14 potions of flight
 J - 4 potions of magic
 M - 2 potions of ambrosia
 N - a potion of cancellation
 P - 3 potions of lignification
Miscellaneous
 K - a phantom mirror
 U - a box of beasts


   Skills:
 + Level 17.0 Fighting
 - Level 2.0 Short Blades
 + Level 6.1 Staves
 - Level 3.0 Throwing
 - Level 10.0 Armour
 - Level 12.0 Dodging
 - Level 3.0 Stealth
 + Level 9.8 Shields
 + Level 15.8 Spellcasting
 + Level 16.8 Conjurations
 - Level 10.0 Summonings
 - Level 7.0 Necromancy
 + Level 7.6 Translocations
 - Level 8.0 Fire Magic
 - Level 1.0 Ice Magic
 - Level 8.0 Air Magic
 + Level 17.3 Earth Magic
 - Level 7.0 Evocations


You had 15 spell levels left.
You knew the following spells:

 Your Spells              Type           Power      Damage    Failure   Level
a - Magic Dart            Conj           100%       1d8       0%          1
b - Sandblast             Erth           100%       2d20      0%          1
c - Iron Shot             Conj/Erth      55%        9d10      1%          6
d - Borgnjor's Vile Clut  Necr/Erth      48%        N/A       1%          5
e - Airstrike             Air            40%        2d(6-22)  1%          4
f - Lee's Rapid Deconstr  Erth           55%        3d26*     1%          5
g - Spellforged Servitor  Conj/Summ      39%        N/A       2%          7
h - Iskenderun's Mystic   Conj/Tloc      76%        2d15      1%          4
s - Swiftness             Air            81%        N/A       1%          3
w - Flame Wave            Conj/Fire      97%        2d20      1%          4

Your spell library contained the following spells:

 Spells                   Type           Power      Damage    Failure   Level
 Chain Lightning          Conj/Air       48%        3d64      97%         9
 Fire Storm               Conj/Fire      48%        8d12      97%         9
 Kiss of Death            Conj/Necr      100%       2d13      0%          1
 Shock                    Conj/Air       100%       1d9       0%          1
 Searing Ray              Conj           100%       2d8       0%          2
 Freeze                   Ice            100%       1d10      1%          1
 Cigotuvi's Dreadful Rot  Necr/Pois/Air  100%       N/A       1%          2
 Passwall                 Tmut/Erth      69%        N/A       1%          2
 Poisonous Vapours        Pois/Air       100%       N/A       1%          2
 Scorch                   Fire           100%       2d9       1%          2
 Sublimation of Blood     Necr           59%        N/A       1%          2
 Call Canine Familiar     Summ           69%        N/A       1%          3
 Dazzling Flash           Conj/Hex       100%       N/A       1%          3
 Frozen Ramparts          Ice            86%        1d13      1%          3
 Gell's Gravitas          Tloc           61%        N/A       1%          3
 Hailstorm                Conj/Ice       84%        3d17      1%          3
 Mephitic Cloud           Conj/Pois/Air  82%        N/A       1%          3
 Portal Projectile        Hex/Tloc       90%        N/A       1%          3
 Teleport Other           Tloc           61%        N/A       1%          3
 Vampiric Draining        Necr           59%        2d10      1%          3
 Volatile Blastmotes      Fire/Tloc      100%       2d18      1%          3
 Animate Dead             Necr           59%        N/A       1%          4
 Dispel Undead            Necr           59%        3d21      1%          4
 Fulminant Prism          Conj/Hex       32%        3d15      1%          4
 Leda's Liquefaction      Hex/Erth       41%        N/A       1%          4
 Petrify                  Tmut/Erth      83%        N/A       1%          4
 Fireball                 Conj/Fire      48%        3d19      1%          5
 Freezing Cloud           Conj/Ice/Air   52%        6-21      1%          5
 Irradiate                Conj/Tmut      32%        3d22      1%          5
 Iskenderun's Battlesphe  Conj           88%        2d14      1%          5
 Summon Forest            Summ/Tloc      32%        N/A       1%          5
 Conjure Ball Lightning   Conj/Air       48%        3x3d17    1%          6
 Orb of Destruction       Conj           44%        9d12      1%          7
 Slow                     Hex            88%        N/A       2%          1
 Summon Ice Beast         Ice/Summ       70%        N/A       2%          4
 Agony                    Necr           59%        N/A       4%          5
 Ozocubu's Armour         Ice            43%        N/A       5%          3
 Anguish                  Hex/Necr       21%        N/A       6%          4
 Summon Cactus Giant      Summ           34%        N/A       7%          6
 Confusing Touch          Hex            22%        N/A       8%          3
 Tukima's Dance           Hex            22%        N/A       8%          3
 Summon Mana Viper        Hex/Summ       51%        N/A       10%         5
 Silence                  Hex/Air        31%        N/A       14%         5
 Ice Form                 Ice/Tmut       38%        N/A       22%         4
 Death Channel            Necr           29%        N/A       22%         6
 Cause Fear               Hex            11%        N/A       26%         4
 Monstrous Menagerie      Summ           34%        N/A       36%         7
 Metabolic Englaciation   Hex/Ice        19%        N/A       52%         5
 Haunt                    Necr/Summ      32%        N/A       56%         7
 Alistair's Intoxication  Tmut/Pois      14%        N/A       58%         5
 Blade Hands              Tmut           11%        N/A       58%         5
 Simulacrum               Ice/Necr       31%        N/A       61%         6
 Eringya's Noxious Bog    Tmut/Pois      11%        N/A       67%         6
 Ozocubu's Refrigeration  Ice            21%        4d12      96%         7
 Enfeeble                 Hex            11%        N/A       100%        7
 Infestation              Necr           29%        N/A       100%        8
 Polar Vortex             Ice            21%        N/A       100%        9


Dungeon Overview and Level Annotations

Branches:
Dungeon (15/15)            Temple (0/1) D:5            Lair (5/5) D:9
 Shoals (4/4) Lair:3        Snake (4/4) Lair:2        Slime (0/5) Lair:4
    Orc (2/2) D:12            Elf (3/3) Orc:2        Vaults (4/5) D:14
  Crypt (0/3) Vaults:2     Depths (2/4) D:15          IceCv (visited)
Desolation (visited)

Altars:
Cheibriados
Elyvilon
Gozag
Hepliaklqana
Nemelex Xobeh
Okawaru
Ru
Sif Muna
Trog
Uskayaw
Vehumet
Wu Jian
Yredelemnul
Zin
The Shining One
Jiyva
Lugonu

Shops:
D:3 [(=   D:4 (   D:12 (   Orc:2 **=(   Elf:2 ?   Snake:2 *(*:   Snake:3 :=:
Snake:4 *   Vaults:1 !   Vaults:2 (   Vaults:3 [   Vaults:4 !

Portals:
Hell: Depths:1
Abyss: Depths:1
Pandemonium: Orc:2 Depths:1

Annotations:
D:13 1 runed translucent door, Saegeus's ghost, adept FoSk
Snake:2 1 runed translucent door, ColinBallin's ghost, journeyman MiBe
Vaults:4 36 runed doors
Depths:2 Grunn


Message History

A Tzitzimitl comes into view.
The Tzitzimitl calls on the powers of darkness!
Your body is wracked with pain!
The bone dragon bites you.
The bone dragon claws you but does no damage.
The bone dragon barely misses you.
The Tzitzimitl engulfs your spellforged servitor but does no damage.
The Tzitzimitl bites your spellforged servitor.
Your spellforged servitor points at the Tzitzimitl and mumbles some strange words.
The iron shot hits the Tzitzimitl!!!
As you read the scroll of teleportation, it crumbles to dust.
You feel strangely unstable.
Storm clouds gather above the bone dragon.
The bone dragon bites you but does no damage.
The bone dragon claws you but does no damage.
The bone dragon tramples you but does no damage.
The Tzitzimitl gestures at you.
The bolt of negative energy hits your spellforged servitor.
Your spellforged servitor completely resists.
The bolt of negative energy hits you!!!
You feel drained.
* * * LOW HITPOINT WARNING * * *
The bolt of negative energy hits the Tzitzimitl.
The Tzitzimitl completely resists.
The bone dragon is engulfed in a thunderstorm.
You block the bone dragon's attack. x3
You feel much better.
The Tzitzimitl engulfs your spellforged servitor.
The Tzitzimitl bites your spellforged servitor but does no damage.
Your spellforged servitor points at the Tzitzimitl and mumbles some strange words.
The iron shot hits the Tzitzimitl!!!
The Tzitzimitl dies!
Vehumet accepts your kill.
The Tzitzimitl engulfs you but does no damage.
The Tzitzimitl bites you but does no damage.
The bone dragon is engulfed in a thunderstorm.
The bone dragon bites you!
* * * LOW HITPOINT WARNING * * *
The bone dragon misses you. You block the bone dragon's attack.
The Tzitzimitl gestures at you. The bolt of negative energy hits you!!!
You feel drained.
You die...

#..##..#.....#..#############..
#..##..#.....#..............#..
#......#.....#..............#..
#..)...#.....#########'###'##..
#..##..#.......................
#####..#.......................
#...#....§..................
#...#.....D9................
##..##'###.@..##########+#..
##>......#>1..#..........+..
#........#....#..........#..
#........#....#..........###
#......).'....#.............
#........#....#....>........
##########....#..######..###
#.........#'##..#....#..###
#.....∩...#.....#....#....#


You could see a bone dragon, a Tzitzimitl and a friendly spellforged servitor
(summoned).

Vanquished Creatures
  Vashnia (Snake:4)
  Bai Suzhen (Snake:4)
  Jory (Vaults:3)
  A doom hound (Depths:2)
  Jorgrun (Snake:3)
  Rupert (Lair:5)
  3 titans
  3 deep elf blademasters
  2 krakens (Shoals:4)
  2 deep elf master archers (Elf:3)
  Gastronok (Lair:2)
  4 sphinxes (Elf:2)
  Agnes (Snake:1)
  A tengu reaver (Vaults:2)
  2 nagarajas (Snake:4)
  A frost giant (Shoals:3)
  9 deep elf sorcerers
  11 vault wardens
  Aizul (Snake:1)
  3 deep elf elementalists (Elf:3)
  10 ironbound preservers
  2 orc warlords
  2 angels (Elf:1)
  3 very ugly things
  5 deep elf demonologists (Elf:3)
  3 stone giants
  A war gargoyle (Vaults:3)
  6 ironbound thunderhulks
  6 deep elf annihilators (Elf:3)
  A minotaur (Shoals:1)
  The ghost of KingMidas the Skirmisher, a journeyman FoHu of Gozag (D:12)
  A putrid mouth (Depths:1)
  6 dire elephants
  4 spark wasps (Depths:1)
  6 merfolk javelineers
  3 crystal guardians
  2 ettins (Depths:1)
  3 fire dragons
  4 merfolk impalers
  6 deep elf death magi (Elf:3)
  2 great orbs of eyes
  Josephine (D:15)
  2 deep elf high priests (Elf:3)
  An entropy weaver (Vaults:3)
  8 vault guards
  9 yaktaur captains
  A servant of whispers (Desolation)
  The ghost of Demosthentine the Fighter, a journeyman DsGl of Hepliaklqana (D:9)
  Erolcha (D:11)
  2 rakshasas
  2 demonspawn (Orc:2)
  11 hydras
  4 merfolk avatars
  6 ironbound frosthearts
  3 peacekeepers
  2 boulder beetles
  2 catoblepae
  14 centaur warriors
  19 anacondas
  A deep troll shaman (Lair:4)
  5 two-headed ogres
  24 dancing weapons
  A death knight (D:12)
  3 satyrs
  2 merfolk aquamancers
  8 death yaks
  6 orc high priests
  5 tengu warriors
  12 naga warriors
  10 naga sharpshooters
  A shock serpent (Snake:1)
  Urug (D:11)
  Nergalle (Lair:3)
  A titan skeleton (Vaults:3)
  Amaemon (D:11)
  A hell knight (Vaults:4)
  16 deep elf knights
  2 sixfirhies (Orc:2)
  A skyshark (Shoals:1)
  2 salamander mystics (Snake:4)
  2 shadow wraiths
  2 naga ritualists
  36 deep trolls
  15 sea snakes
  8 skeletal warriors
  3 glowing orange brains
  A bog body (IceCv)
  8 deep elf archers
  9 wizards
  5 necromancers
  9 ironbound convokers
  9 lindwurms
  43 deep elf pyromancers
  32 deep elf zephyrmancers
  12 harpies
  7 mana vipers
  9 orc sorcerers
  5 orc knights
  43 ugly things
  A cyclops (shapeshifter) (D:14)
  13 manticores
  18 fauns
  5 salamanders
  An oklob plant (Lair:2)
  12 cyclopes
  2 human zombies (Vaults:4)
  23 black mambas
  19 elephants
  A fire giant zombie (Vaults:3)
  Joseph (D:8)
  9 merfolk sirens
  3 vault sentinels
  2 centaur zombies (D:12)
  6 guardian serpents
  2 smoke demons (Orc:2)
  2 ice statues (IceCv)
  9 naga magi
  A human skeleton (Vaults:3)
  2 water nymphs
  2 torpor snails
  2 gargoyles
  An orange demon (D:11)
  5 cane toads
  An unseen horror (D:10)
  Maggie (D:8)
  An elf skeleton (Vaults:3)
  A yaktaur zombie (Vaults:4)
  13 yaktaurs
  A kobold demonologist (D:12)
  4 rime drakes
  7 ice devils
  10 komodo dragons
  2 freezing wraiths
  A spectral redback (D:12)
  An anaconda simulacrum (IceCv)
  A yaktaur skeleton (Vaults:3)
  4 polar bears
  6 wind drakes
  9 meliai
  9 trolls
  15 merfolk
  A hornet (D:10)
  9 saltlings
  7 blink frogs
  29 slime creatures
  10 dream sheep
  10 snapping turtles
  A jumping spider (Vaults:3)
  A fire giant simulacrum (Vaults:4)
  An air elemental (Elf:2)
  Sigmund (D:6)
  3 shadows
  4 water elementals
  2 fire elementals
  9 wraiths
  3 dire elephant simulacra (IceCv)
  39 yaks
  A vampire (D:10)
  2 wyverns
  A death yak simulacrum (IceCv)
  7 vampire mosquitoes
  A redback (Vaults:3)
  5 basilisks
  33 nagas
  2 wargs (Orc:2)
  3 harpy simulacra (IceCv)
  6 acid dragons
  13 water moccasins
  A hell hound (Elf:2)
  3 hydra simulacra (IceCv)
  3 black bears
  4 ogres
  27 orc warriors
  2 ice beasts
  26 wolves
  3 boggarts (Vaults:1)
  4 centaurs
  3 phantoms
  4 kobold brigands
  Blork the orc (D:5)
  3 earth elementals
  2 scorpions (D:6)
  A two-headed ogre simulacrum (IceCv)
  9 bullfrogs
  A glowing shapeshifter simulacrum (Vaults:3)
  8 wights
  5 troll zombies (D:12)
  A human simulacrum (Vaults:3)
  9 killer bees
  3 electric eels (Lair:1)
  12 howler monkeys
  A lava snake (D:13)
  3 hounds
  6 jellies
  3 iguanas
  22 orc priests
  A gnoll bouda (D:9)
  13 orc wizards
  Natasha (thrice) (D:2)
  A hell rat (Elf:2)
  A spriggan simulacrum (IceCv)
  A wolf simulacrum (IceCv)
  An ogre zombie (D:12)
  3 gnolls (D:9)
  8 adders
  A white imp (D:5)
  3 ufetubi
  2 worms (D:2)
  A dart slug (D:3)
  62 orcs
  6 endoplasms
  A giant cockroach (D:1)
  6 goblins
  7 hobgoblins
  8 jackals
  2 quokkas
  6 ball pythons
  5 bats
  4 frilled lizards
  2 goblin skeletons (D:12)
  2 goblin zombies (D:12)
  2 hobgoblin skeletons (D:12)
  2 hobgoblin zombies (D:12)
  10 kobolds
  11 orc zombies (D:12)
  7 rats
  A tentacle (Shoals:4)
1364 creatures vanquished.

Vanquished Creatures (collateral kills)
  Sojobo (Vaults:2)
  A Tzitzimitl (Depths:1)
  2 doom hounds (Depths:2)
  A sphinx (Vaults:4)
  Frances (Shoals:2)
  2 tengu reavers
  Donald (Shoals:3)
  A frost giant (Depths:1)
  2 vault wardens (Vaults:4)
  6 very ugly things
  8 ironbound preservers
  3 ironbound thunderhulks
  A war gargoyle (Vaults:2)
  A deep elf annihilator (Elf:3)
  2 dire elephants (Vaults:3)
  A deep elf death mage (Elf:3)
  2 merfolk javelineers
  2 yaktaur captains
  4 merfolk impalers
  A merfolk avatar (Shoals:2)
  A spriggan air mage (Depths:1)
  3 peacekeepers
  4 ironbound frosthearts
  An anaconda (shapeshifter) (Vaults:2)
  2 merfolk aquamancers
  4 centaur warriors (Vaults:3)
  A satyr (Shoals:4)
  2 tengu warriors (Depths:1)
  2 skysharks
  A skeletal warrior (D:12)
  A shadow wraith (D:12)
  A sea snake (shapeshifter) (Depths:1)
  4 sea snakes
  18 deep trolls
  2 ironbound convokers (Vaults:4)
  8 lindwurms
  A phantasmal warrior (Vaults:4)
  An orc knight (Vaults:3)
  8 harpies
  An iron dragon zombie (Vaults:3)
  7 ugly things
  9 manticores
  A cyclops (Shoals:3)
  A salamander (Snake:2)
  8 fauns
  An elephant (Shoals:1)
  A naga mage (Snake:2)
  7 merfolk sirens
  A human skeleton (Vaults:3)
  2 vault sentinels
  2 black mambas (Snake:2)
  3 water nymphs
  An orange demon (Depths:1)
  7 yaktaurs
  A tormentor (Depths:1)
  2 wind drakes (Shoals:4)
  10 merfolk
  4 dream sheep
  5 snapping turtles
  15 slime creatures
  7 water elementals
  A yak (Lair:2)
  5 nagas (Snake:2)
210 creatures vanquished.

Vanquished Creatures (others)
  A dancing weapon (Elf:2)
  A deep elf knight (Elf:2)
  4 tentacles (Shoals:4)
6 creatures vanquished.

Grand Total: 1580 creatures vanquished

Notes
Turn   | Place    | Note
-------+----------+-------------------------------------------
     0 | D:1      | Lobster4 the Human Wanderer began the quest for the Orb.
     0 | D:1      | Lobster4 set off with the following items: a +0 dagger, a
                  | scroll of blinking, a +0 robe, a scroll of teleportation;
                  | and the following spells available to memorise: Sandblast,
                  | Freeze, Passwall, Hailstorm, Leda's Liquefaction.
     0 | D:1      | Reached XP level 1. HP: 15/15 MP: 3/3
     2 | D:1      | Learned a level 1 spell: Sandblast
   231 | D:1      | Reached XP level 2. HP: 19/21 MP: 0/5
   745 | D:1      | Reached XP level 3. HP: 26/26 MP: 4/6
  1159 | D:2      | Noticed Natasha
  1161 | D:2      | Killed Natasha
  1162 | D:2      | Reached skill level 1 in Dodging
  1162 | D:2      | Reached XP level 4. HP: 33/33 MP: 4/7
  1219 | D:2      | Learned a level 3 spell: Swiftness
  1227 | D:2      | Found a faded altar of an unknown god.
  1254 | D:2      | Noticed Natasha
  1262 | D:2      | Killed Natasha
  1312 | D:2      | Noticed Natasha
  1332 | D:2      | Killed Natasha
  1333 | D:2      | Reached XP level 5. HP: 38/38 MP: 5/8
  1387 | D:2      | Reached skill level 1 in Throwing
  2165 | D:3      | Found Ylellodi's Weapon Boutique.
  2297 | D:3      | Found Ycwuanae's Armour Boutique.
  2378 | D:3      | Learned a level 2 spell: Passwall
  2403 | D:3      | Found a radiant altar of Vehumet.
  2457 | D:3      | Became a worshipper of Vehumet
  2739 | D:3      | Found Yluish's Jewellery Boutique.
  2975 | D:4      | Reached XP level 6. HP: 44/44 MP: 7/9
  2995 | D:4      | Found Cumoiz's Antique Weapon Emporium.
  3147 | D:4      | Reached skill level 1 in Air Magic
  3207 | D:4      | Found an ornate altar of the Wu Jian Council.
  3604 | D:4      | Reached skill level 1 in Shields
  3650 | D:5      | Entered Level 5 of the Dungeon
  3680 | D:5      | Found a staircase to the Ecumenical Temple.
  3697 | D:5      | Reached XP level 7. HP: 48/51 MP: 6/11
  3758 | D:5      | Reached * piety under Vehumet
  3758 | D:5      | Offered knowledge of Magic Dart by Vehumet.
  3846 | D:5      | Reached skill level 1 in Stealth
  3856 | D:5      | Learned a level 1 spell: Magic Dart
  4571 | D:5      | Noticed Blork the orc
  4757 | D:5      | Killed Blork the orc
  4758 | D:5      | Reached skill level 1 in Conjurations
  5152 | D:5      | Reached XP level 8. HP: 36/57 MP: 9/12
  5558 | D:6      | Noticed a troll
  5688 | D:6      | Reached skill level 5 in Earth Magic
  5701 | D:6      | Noticed Sigmund
  6281 | D:7      | Found a hide-covered altar of Uskayaw.
  6612 | D:7      | Found a bloodstained altar of Trog.
  6703 | D:7      | Reached XP level 9. HP: 62/64 MP: 10/14
  6760 | D:7      | Found a hazy altar of Hepliaklqana.
  6822 | D:7      | Found an opulent altar of Gozag.
  6832 | D:7      | Found a shimmering blue altar of Sif Muna.
  6846 | D:7      | Found a glowing silver altar of Zin.
  7208 | D:7      | Found an iron altar of Okawaru.
  7212 | D:7      | Offered knowledge of Kiss of Death by Vehumet.
  7401 | D:7      | Reached ** piety under Vehumet
  7631 | D:7      | Found a basalt altar of Yredelemnul.
  8715 | D:8      | Noticed Maggie
  8721 | D:8      | Killed Maggie
  8722 | D:8      | Reached skill level 1 in Necromancy
  8759 | D:8      | Noticed Joseph
  8824 | D:7      | Reached XP level 10. HP: 72/72 MP: 10/16
  9207 | D:3      | Bought the ring of Conflict {rC+ MP+9 Int+4 Slay-4} for 256
                  | gold pieces
  9322 | D:6      | Found a white marble altar of Elyvilon.
  9620 | D:6      | Killed Sigmund
  9888 | D:9      | Found a runed translucent gate.
  9888 | D:9      | Found a runed translucent gate.
  9889 | D:9      | Found a runed translucent gate.
  9910 | D:9      | Offered knowledge of Volatile Blastmotes by Vehumet.
 10263 | D:9      | Found a staircase to the Lair.
 10293 | D:9      | Reached *** piety under Vehumet
 10294 | D:9      | Reached skill level 1 in Short Blades
 10476 | D:9      | Learned a level 4 spell: Airstrike
 10682 | D:9      | Reached skill level 5 in Armour
 10816 | D:9      | Found a sacrificial altar of Ru.
 10953 | D:9      | Noticed Demosthentine's ghost (journeyman DsGl)
 10961 | D:9      | Noticed a freezing wraith
 11008 | D:10     | Entered Level 10 of the Dungeon
 11033 | D:10     | Found a snail-covered altar of Cheibriados.
 11303 | D:10     | Noticed a two-headed ogre
 11390 | D:10     | Reached skill level 5 in Fighting
 11415 | D:10     | Reached skill level 5 in Dodging
 11497 | D:10     | Reached skill level 5 in Spellcasting
 11497 | D:10     | Reached XP level 11. HP: 79/79 MP: 18/18
 11529 | D:10     | Noticed a two-headed ogre
 11537 | D:10     | Killed a two-headed ogre
 11691 | D:10     | Killed a two-headed ogre
 11876 | D:10     | Reached skill level 5 in Air Magic
 11921 | D:10     | Noticed a two-headed ogre
 12046 | D:10     | Reached skill level 5 in Shields
 12161 | D:10     | Found a sparkling altar of Nemelex Xobeh.
 12452 | D:10     | Noticed a two-headed ogre
 12629 | D:10     | Killed a two-headed ogre
 12630 | D:10     | Reached skill level 5 in Conjurations
 12716 | D:10     | Offered knowledge of Ignite Poison by Vehumet.
 13247 | D:10     | Killed a two-headed ogre
 13558 | D:11     | Noticed Urug
 13739 | D:11     | Noticed Erolcha
 13748 | D:11     | Killed Erolcha
 13749 | D:11     | Reached XP level 12. HP: 64/88 MP: 20/20
 13892 | Lair:1   | Entered Level 1 of the Lair of Beasts
 13997 | Lair:1   | Identified the +8 chain mail of Midwinter {rPois MP-9 Int-3
                  | SInv}
 14333 | Lair:1   | Found a frozen archway.
 14427 | IceCv    | Entered an ice cave
 14430 | IceCv    | Reached **** piety under Vehumet
 14589 | IceCv    | Offered knowledge of Lee's Rapid Deconstruction by Vehumet.
 14752 | IceCv    | Learned a level 5 spell: Lee's Rapid Deconstruction
 14755 | IceCv    | Learned a level 2 spell: Scorch
 14760 | IceCv    | Learned a level 4 spell: Flame Wave
 14924 | IceCv    | Reached skill level 5 in Necromancy
 15233 | IceCv    | Reached skill level 1 in Fire Magic
 16691 | Lair:1   | Reached XP level 13. HP: 70/96 MP: 23/23
 17832 | Lair:2   | Found a staircase to the Snake Pit.
 18019 | Lair:2   | Noticed Gastronok
 18052 | Lair:2   | Killed Gastronok
 19016 | Lair:2   | Reached ***** piety under Vehumet
 19020 | Lair:2   | Offered knowledge of Arcjolt by Vehumet.
 19563 | Lair:3   | Noticed Nergalle
 19572 | Lair:3   | Killed Nergalle
 19883 | Lair:3   | Noticed an eight-headed hydra
 19936 | Lair:3   | Reached XP level 14. HP: 78/105 MP: 25/25
 20436 | Lair:3   | Found a staircase to the Shoals.
 20440 | Lair:3   | Reached skill level 5 in Fire Magic
 21495 | Lair:4   | Found a staircase to the Slime Pits.
 21495 | Lair:4   | Found a viscous altar of Jiyva.
 21512 | Lair:4   | Offered knowledge of Iron Shot by Vehumet.
 21520 | Lair:4   | Learned a level 6 spell: Iron Shot
 21760 | Lair:5   | Entered Level 5 of the Lair of Beasts
 22868 | Lair:5   | Noticed Rupert
 23313 | Lair:5   | Reached XP level 15. HP: 113/113 MP: 27/27
 23853 | Lair:5   | Killed Rupert
 23854 | Lair:5   | Reached skill level 10 in Earth Magic
 24778 | D:11     | Noticed Amaemon
 24783 | D:11     | Killed Amaemon
 24957 | D:11     | Killed Urug
 25412 | D:12     | Found Ahiorchys's Antique Weapon Boutique.
 25568 | D:12     | Offered knowledge of Spellforged Servitor by Vehumet.
 25580 | D:12     | Learned a level 7 spell: Spellforged Servitor
 25645 | D:12     | Found a transporter.
 25646 | D:12     | Identified the ring of Peulas {rPois EV+5 Int-5 Dex+3 SInv}
 25647 | D:12     | Noticed KingMidas's ghost (journeyman FoHu)
 25856 | D:12     | Found a transporter.
 26216 | D:12     | Found a staircase to the Orcish Mines.
 26340 | D:12     | Reached skill level 1 in Summonings
 26364 | D:12     | Found a shimmering blue altar of Sif Muna.
 26432 | Orc:1    | Entered Level 1 of the Orcish Mines
 26743 | Orc:2    | Entered Level 2 of the Orcish Mines
 26843 | Orc:2    | Found a staircase to the Elven Halls.
 27418 | Orc:2    | Noticed an orc warlord
 27434 | Orc:2    | Killed an orc warlord
 27436 | Orc:2    | Paralysed by an orc sorcerer for 3 turns
 27651 | Orc:2    | Offered knowledge of Plasma Beam by Vehumet.
 27715 | Orc:2    | Found Duneb's General Store.
 27838 | Orc:2    | Found Woant's General Store.
 28508 | Orc:2    | Reached XP level 16. HP: 79/122 MP: 29/29
 28704 | Orc:2    | Found Fuxom's Antique Weapon Emporium.
 28704 | Orc:2    | Found Sesas's Jewellery Shoppe.
 28739 | Orc:2    | Found a one-way gate leading to the halls of Pandemonium.
 29073 | D:13     | Found a runed translucent door.
 29076 | D:13     | Noticed Saegeus's ghost (adept FoSk)
 29077 | D:13     | Identified the +7 trident "Wimutsar" {spect, rN+ Int+2}
 29300 | D:13     | Reached skill level 10 in Fighting
 29870 | D:13     | Identified 3 scrolls of acquirement
 29871 | D:13     | Reached skill level 10 in Armour
 29871 | D:13     | Reached skill level 10 in Dodging
 30693 | D:13     | Found a hide-covered altar of Uskayaw.
 31949 | D:14     | Reached skill level 1 in Staves
 31955 | D:13     | Acquired 982 gold pieces
 31957 | D:13     | Acquired the ring of the Ancients {Fly rElec Int+3 Dex-2}
 32180 | D:4      | Bought the +3 Elemental Staff {rElec rF+ rC+ AC+3} for 1884
                  | gold pieces
 32180 | D:4      | Found the +3 Elemental Staff {rElec rF+ rC+ AC+3}
 32448 | D:14     | Reached skill level 10 in Conjurations
 32675 | D:14     | Offered knowledge of Ozocubu's Refrigeration by Vehumet.
 32812 | D:14     | Found a gate to the Vaults.
 32818 | D:14     | Identified the +3 ring mail "Kiadimm" {*Corrode rN+ Slay+3}
 33183 | D:15     | Entered Level 15 of the Dungeon
 33423 | D:15     | Noticed Josephine
 33429 | D:15     | Killed Josephine
 33769 | D:15     | Reached XP level 17. HP: 100/129 MP: 13/30
 33770 | D:15     | Reached skill level 10 in Spellcasting
 33770 | D:15     | Reached skill level 5 in Summonings
 34373 | D:15     | Found a staircase to the Depths.
 34602 | Elf:1    | Entered Level 1 of the Elven Halls
 34771 | Elf:1    | Found a white marble altar of Elyvilon.
 34771 | Elf:1    | Found a crumbling gateway.
 34771 | Elf:1    | Found a glowing golden altar of the Shining One.
 34810 | Elf:1    | Found a glowing silver altar of Zin.
 34849 | Desolati | Entered the Desolation of Salt
 35219 | Elf:1    | Offered knowledge of Irradiate by Vehumet.
 35591 | Elf:1    | Reached skill level 5 in Evocations
 35852 | Elf:1    | Reached skill level 5 in Staves
 36578 | Elf:2    | Reached XP level 18. HP: 118/138 MP: 11/32
 36930 | Elf:2    | Found Qaanwe's Magic Scroll Boutique.
 37274 | Elf:2    | Learned a level 5 spell: Borgnjor's Vile Clutch
 37425 | Elf:2    | Found a runed translucent gate.
 37426 | Elf:2    | Found a runed translucent gate.
 37426 | Elf:2    | Found a runed translucent gate.
 37990 | Elf:2    | Offered knowledge of Ignition by Vehumet.
 37998 | Elf:2    | Noticed a deep elf blademaster
 38005 | Elf:2    | Killed a deep elf blademaster
 38690 | Elf:3    | Entered Level 3 of the Elven Halls
 38950 | Elf:3    | Reached ****** piety under Vehumet
 38951 | Elf:3    | Reached XP level 19. HP: 146/148 MP: 34/35
 39298 | Orc:2    | Bought the amulet "Goafrar" {Acrobat +Inv rPois Int+6} for
                  | 912 gold pieces
 40167 | Elf:3    | Learned a level 4 spell: Iskenderun's Mystic Blast
 40232 | Elf:3    | Offered knowledge of Fire Storm by Vehumet.
 40232 | Elf:3    | Offered knowledge of Chain Lightning by Vehumet.
 40232 | Elf:3    | Offered knowledge of Polar Vortex by Vehumet.
 40449 | Elf:3    | Noticed a deep elf blademaster
 40455 | Elf:3    | Killed a deep elf blademaster
 40462 | Elf:3    | Identified the amulet "Qaeluss" {Faith -Tele rPois rN+++}
 40781 | Elf:3    | Identified the ring of Equilibrium {rC+ Will+}
 40812 | Elf:3    | Identified the ring "Jicwuon" {rPois rC- Int+4 Dex-5 SInv}
 40931 | Elf:3    | Noticed a deep elf blademaster
 40934 | Elf:3    | Killed a deep elf blademaster
 41241 | Elf:3    | Identified the +0 buckler of Negation {rCorr Dex+2}
 41241 | Elf:3    | Identified the ring "Waddos" {rC+ Will+}
 41566 | Elf:3    | Found the +10 Black Knight's barding {ponderous, rPois rN+}
 41575 | Elf:3    | Got Sif Muna's Almanac of the Blink Frog
 41580 | Elf:3    | Identified the staff of poison "Seress" {rPois rC++ rN+
                  | MP+9 Str+3}
 41615 | Elf:3    | Identified the staff of conjuration "Lomes" {Int+3}
 41759 | Elf:3    | Upgraded the game from 0.30.0-10-gfe55d96785 to
                  | 0.30.0-11-gf55b779eaf
 42098 | Snake:1  | Entered Level 1 of the Snake Pit
 42507 | Snake:1  | You are sucked into a shaft and drop 1 floor!
 42854 | Snake:1  | Identified the +0 leather armour of the Unbroken {Harm
                  | Int+2}
 42955 | Snake:1  | Noticed Aizul
 42961 | Snake:1  | Killed Aizul
 43032 | Snake:1  | Identified the staff of cold "Qetahu" {rC+ Dex+3}
 43199 | Snake:1  | Noticed Agnes
 43205 | Snake:1  | Killed Agnes
 44050 | Snake:2  | Found a runed translucent door.
 44051 | Snake:2  | Noticed ColinBallin's ghost (journeyman MiBe)
 44271 | Snake:2  | Found Canow's Antique Weapon Shop.
 44275 | Snake:2  | Found Ryem's Book Boutique.
 44275 | Snake:2  | Found Cogiew's Assorted Antiques.
 44290 | Snake:2  | Found Uclu's Assorted Antiques.
 44359 | Snake:2  | Reached XP level 20. HP: 156/158 MP: 37/37
 44472 | Snake:2  | Reached skill level 1 in Translocations
 44947 | Snake:2  | Identified the +1 plate armour of Weubbit {Rampage +Blink
                  | rC+ Str+2}
 45230 | Snake:2  | Bought a potion of heal wounds for 155 gold pieces
 45235 | Snake:2  | Bought a potion of magic for 248 gold pieces
 45888 | Snake:3  | Noticed Jorgrun
 45895 | Snake:3  | Killed Jorgrun
 46345 | Snake:3  | Found Sodal's Book Emporium.
 46347 | Snake:3  | Found Vautyom's Jewellery Shop.
 46348 | Snake:3  | Found Rilav's Book Emporium.
 46390 | Snake:4  | Entered Level 4 of the Snake Pit
 46548 | Snake:4  | Found Kuen Ysadi's General Store.
 46558 | Snake:4  | Bought 2 potions of magic for 160 gold pieces
 46967 | Snake:4  | Noticed Bai Suzhen
 46987 | Snake:4  | Killed Bai Suzhen
 47322 | Snake:4  | Found an opulent altar of Gozag.
 47778 | Snake:4  | Noticed Vashnia
 47784 | Snake:4  | Killed Vashnia
 47929 | Snake:4  | Reached skill level 5 in Translocations
 48521 | Snake:4  | Got a serpentine rune of Zot
 48815 | D:8      | Killed Joseph
 48973 | D:9      | Killed Demosthentine's ghost
 49142 | D:12     | Reached skill level 15 in Earth Magic
 49143 | D:12     | Killed KingMidas's ghost
 49360 | Shoals:1 | Entered Level 1 of the Shoals
 49721 | Shoals:1 | Found a hide-covered altar of Uskayaw.
 49851 | Shoals:1 | Reached XP level 21. HP: 160/166 MP: 35/38
 49963 | Shoals:1 | Identified the +9 longbow of the Poles {antimagic, Int+2}
 51302 | Shoals:2 | Noticed Frances
 51314 | Shoals:2 | Killed Frances
 52672 | Shoals:3 | Reached skill level 15 in Fighting
 53433 | Shoals:3 | Noticed Donald
 53437 | Shoals:3 | Killed Donald
 53438 | Shoals:3 | Reached skill level 15 in Conjurations
 53869 | Shoals:3 | Identified the staff of air "Mole" {rElec Will- Int+8}
 54293 | Shoals:4 | Entered Level 4 of the Shoals
 55689 | Shoals:4 | Got a barnacled rune of Zot
 55921 | Shoals:4 | Reached XP level 22. HP: 163/176 MP: 35/40
 55991 | Shoals:4 | Identified the +0 robe "Mywape" {Dex+3}
 56883 | Vaults:1 | Entered Level 1 of the Vaults
 57045 | Vaults:1 | Found a portal to a secret trove of treasure.
 57229 | Elf:2    | Bought a scroll of fog for 60 gold pieces
 57229 | Elf:2    | Bought a scroll of magic mapping for 112 gold pieces
 57390 | Vaults:1 | You paid a toll of 5 scrolls of fog to enter a treasure
                  | trove
 57391 | Trove    | Entered a treasure trove
 57393 | Trove    | Found the +3 pair of seven-league boots {Rampage+∞}
 57398 | Trove    | Identified the +2 cloak of Seogisu {Harm +Inv Dex+2}
 57405 | Trove    | Identified the scarf "Sab Rofifo" {harm, rPois rC+ MP-9
                  | Str+3}
 57406 | Trove    | Identified the +0 pearl dragon scales "Huwon" {rF- rN+
                  | Will+++ Str+3 Slay-5}
 57407 | Trove    | Identified the +0 buckler of Inquiry {rC++}
 57416 | Trove    | Found the +15 Maxwell's patent armour {-Cast -Tele rElec
                  | Will+ rCorr}
 57420 | Trove    | Identified the +7 kite shield "Assau" {+Blink rElec rPois
                  | Int+2}
 57423 | Trove    | Identified the scarf of Wasted Space {shadows, rF- Dex+4}
 57442 | Trove    | Identified the +3 cloak of Bitterness {Drain rPois Regen+}
 57458 | Trove    | Acquired 895 gold pieces
 59002 | Vaults:1 | Found Sexaid's Distillery.
 59010 | Vaults:1 | Bought a potion of experience for 850 gold pieces
 59010 | Vaults:1 | Reached XP level 23. HP: 183/183 MP: 41/41
 59188 | Vaults:2 | Found Epivvuep's Weapon Emporium.
 59436 | Vaults:2 | Found a staircase to the Crypt.
 60569 | Vaults:2 | Noticed Sojobo
 60576 | Vaults:2 | Killed Sojobo
 61674 | Vaults:3 | Reached skill level 15 in Spellcasting
 61795 | Vaults:3 | Reached XP level 24. HP: 191/191 MP: 33/42
 62726 | Vaults:3 | Noticed Jory
 62736 | Vaults:3 | Killed Jory
 63059 | Vaults:3 | Found Tizynwuu's Armour Emporium.
 63927 | Vaults:4 | Found a huge runed gate.
 63927 | Vaults:4 | Found a huge runed gate.
 63927 | Vaults:4 | Found a huge runed gate.
 63927 | Vaults:4 | Found a huge runed gate.
 63927 | Vaults:4 | Found a huge runed gate.
 63927 | Vaults:4 | Found a huge runed gate.
 63927 | Vaults:4 | Found a huge runed gate.
 63928 | Vaults:4 | Found a huge runed gate.
 63928 | Vaults:4 | Found a huge runed gate.
 63928 | Vaults:4 | Found a huge runed gate.
 63932 | Vaults:4 | Found a huge runed gate.
 63932 | Vaults:4 | Found a huge runed gate.
 63932 | Vaults:4 | Found a huge runed gate.
 63932 | Vaults:4 | Found a huge runed gate.
 63932 | Vaults:4 | Found a huge runed gate.
 63932 | Vaults:4 | Found a huge runed gate.
 63933 | Vaults:4 | Found a huge runed gate.
 63934 | Vaults:4 | Found a huge runed gate.
 63935 | Vaults:4 | Found a huge runed gate.
 63943 | Vaults:4 | Found a huge runed gate.
 63943 | Vaults:4 | Found a huge runed gate.
 63943 | Vaults:4 | Found a huge runed gate.
 63943 | Vaults:4 | Found a huge runed gate.
 63943 | Vaults:4 | Found a huge runed gate.
 63943 | Vaults:4 | Found a huge runed gate.
 63944 | Vaults:4 | Found a huge runed gate.
 63945 | Vaults:4 | Found a huge runed gate.
 63946 | Vaults:4 | Found a huge runed gate.
 63954 | Vaults:4 | Found a huge runed gate.
 63954 | Vaults:4 | Found a huge runed gate.
 63954 | Vaults:4 | Found a huge runed gate.
 63954 | Vaults:4 | Found a huge runed gate.
 63954 | Vaults:4 | Found a huge runed gate.
 63954 | Vaults:4 | Found a huge runed gate.
 63955 | Vaults:4 | Found a huge runed gate.
 64211 | Vaults:4 | Found a huge runed gate.
 64940 | Vaults:4 | Reached XP level 25. HP: 199/199 MP: 22/42
 65404 | Vaults:4 | Reached skill level 10 in Summonings
 66221 | Vaults:4 | Found Otuhos's Distillery.
 66252 | Vaults:4 | Bought a potion of heal wounds for 75 gold pieces
 66511 | Depths:1 | Entered Level 1 of the Depths
 66757 | Depths:1 | Found a corrupted altar of Lugonu.
 66757 | Depths:1 | Found a one-way gate to the infinite horrors of the Abyss.
 66915 | Depths:1 | Found a gateway to Hell.
 67866 | Depths:2 | Noticed Grunn
 67886 | Depths:1 | Killed from afar by a Tzitzimitl

Illustrated notes

Levels and vault maps discovered:
D:1:      psy_arrival_fountain, layout_loops_ring
D:2:      layout_basic, ebering_ecumenical_altar_box, uniq_natasha
D:3:      minmay_inner_zag, layout_rooms, amcnicky_altar_gilded, serial_shops,
          shop_statue, nicolae_shop_tiny_statue_garden, nicolae_shop_trees
D:4:      layout_rooms, kennysheep_little_box, serial_shops,
          nicolae_stop_n_shop_1
D:5:      layout_basic, minmay_temple_entry_offerings, kennysheep_cross_room,
          chequers_serial_rivers_micro_c, uniq_blork_the_orc
D:6:      layout_rooms, mainiacjoe_overflow_24_doors, uniq_sigmund
D:7:      layout_basic, okawaru_ov_weapons_minmay,
          mainiacjoe_overflow_six_doors_small, mainiacjoe_overflow_alcove_2,
          mainiacjoe_overflow_chevrons, mainiacjoe_overflow_paths,
          lemuel_tele_altar, overflow_temple_1_default, kennysheep_mini
D:8:      layout_basic, uniq_maggie, uniq_joseph
D:9:      layout_loops_ring, mainiacjoe_overflow_alcove_1, lair_entry_dummy,
          gammafunk_ghost_spectres
D:10:     minmay_four_partial_circles, layout_gridville, cheibriados_altar_1,
          mainiacjoe_overflow_tiny_flanked
D:11:     layout_basic, uniq_urug, uniq_erolcha, uniq_amaemon
D:12:     layout_basic, zombieorc1_lemuel, gammafunk_ghost_mausoleum,
          serial_shops, nicolae_shop_hallway_plus, led_sif_pool
D:13:     layout_layer_cave, ebering_ghost_funeral_grove,
          nicolae_uskayaw_suspiria
D:14:     layout_rooms, erik_vaults_1, minmay_misc_feat_cross
D:15:     grunt_enter_depths_snipers, layout_rooms, st_stairs_11, fountainhead,
          minmay_misc_feat_five, uniq_josephine
Lair:1:   layout_loops_ring, portal_ice_cave_demonic_guard, grunt_megastairs_5,
          infiniplex_staircase_pool_2, serial_bayou_shore_a
Lair:2:   layout_cave_pods, guppyfry_snake_entry_island, serial_bayou_pond_c,
          minmay_hedge_maze, uniq_gastronok
Lair:3:   layout_long_grid, elwin_shoals_entry_stream,
          chequers_serial_rivers_micro_b, grunt_megastairs_1,
          serial_bayou_shore_b, uniq_nergalle
Lair:4:   layout_roguey, slime_entry_1
Lair:5:   grunt_lair_end_beastmaster, layout_regular_city, minivault_11,
          uniq_rupert
Shoals:1: layout_shoals, regret_index_shoals_crete
Shoals:2: layout_shoals, uniq_frances
Shoals:3: cheibrodos_shoals_gigantism, layout_shoals,
          nicolae_shoals_pincushion_passage, uniq_donald
Shoals:4: shoals_end_grunt_garden, layout_shoals, nicolae_shoals_land_atoll
Snake:1:  layout_onion_interference, uniq_aizul, uniq_agnes
Snake:2:  minmay_snake_river, layout_grid_shapes, ebering_ghost_inner_flame,
          lemuel_fruit_tree, minmay_shoptagon
Snake:3:  layout_misc_corridors, minmay_shop_grove, uniq_jorgrun
Snake:4:  grunt_snake_rune_serpentine_throne, layout_grid_maze, basic_altar,
          serial_shops, shop, uniq_bai_suzhen, uniq_vashnia
Orc:1:    layout_caves
Orc:2:    pf_orc_diabolical, layout_diamond_mine, nicolae_orc_bridge_out
Elf:1:    minmay_elf_arrival_summoners, layout_geoelf_octagon,
          portal_desolation_entry_holy_temple,
          hangedman_elven_crosses_minicolossus
Elf:2:    nicolae_elf_blades_crystal_corner, layout_geoelf_grid, serial_shops,
          nicolae_shop_hallway_plus, special_room [special_room_mythical_zoo]
Elf:3:    grunt_elf_hall_asides, layout_geoelf_octagon
Vaults:1: nicolae_vaults_house_3, vaults_room_grunt_arrival_checkpoint,
          nicolae_vaults_steering_wheel, nicolae_vaults_network_periphery,
          grunt_vaults_funnel, nicolae_vaults_shelves_hall, vaults_room_fours,
          layout_vaults_omnicross, enter_trove_1, serial_shops, shop
Vaults:2: nicolae_vaults_tetromino_L_1, hangedman_vaults_stagger,
          nicolae_vaults_more_shelving_2, ontoclasm_vaults_hangar,
          nicolae_vaults_closet_pinwheel_6, vaults_dpeg_cross,
          vaults_dpeg_encased_lava, nicolae_vaults_tetromino_L_1,
          nicolae_vaults_taking_the_gang_shopping, ontoclasm_vaults_chip,
          layout_vaults_quadrants, dummy_crypt_entry, uniq_sojobo
Vaults:3: nicolae_vaults_arrows, nicolae_vaults_tangent_ellipses,
          ontoclasm_vaults_chip, v_misc_18, vaults_mumra_hex,
          nicolae_vaults_back_hallway, hangedman_vaults_slice,
          ontoclasm_vaults_pinch, vaults_room_boxed,
          nicolae_vaults_shelves_hall, vaults_room_grid,
          layout_vaults_maze_bifur, serial_shops, shop, uniq_jory
Vaults:4: nicolae_vaults_turnstiles, nicolae_vaults_windows_and_doors_thing,
          hangedman_vaults_stream, door_vault, grunt_vaults_trifunnel,
          nicolae_vaults_closet_pinwheel_3, nicolae_vaults_big_ls,
          nicolae_vaults_storage_room_statues, vaults_mumra_lcd,
          layout_vaults_big_room, serial_shops, shop, uniq_margery
Depths:1: layout_gridville, abyss_entry_flame_altar, hell_entry,
          grunt_pan_entry_in_and_out, chequers_serial_rivers_micro_b,
          hangedman_aviary
Depths:2: kennysheep_room_grid, layout_basic, rand_demon_pan_entry_8,
          hangedman_coc_ice_floe, chequers_big_river, serial_shops, shop,
          minmay_staircase_bubble, uniq_grunn

Skill      XL: |  1  2  3  4  5  6  7  8  9 10 11 12 13 14 15 16 17 18 19 20 21 22 23 24 25 |
---------------+----------------------------------------------------------------------------+-----
Dodging        | 1 2 3 4 5 6 7 8 9 10 11 12 | 12.0
Armour         | 2 3 4 5 6 7 8 9 10 | 10.0
Throwing       | 1 2 3 |  3.0
Fighting       | 2 3 4 5 6 7 8 9 10 11 12 13 14 15 16 17 | 17.0
Air Magic      | 1 2 3 4 5 6 7 8 |  8.0
Evocations     | 2 3 5 6 7 |  7.0
Shields        | 1 2 3 4 5 6 7 9 |  9.8
Stealth        | 1 2 3 |  3.0
Spellcasting   | 3 4 5 6 7 8 9 10 12 13 14 15 | 15.8
Conjurations   | 1 2 3 4 5 6 7 8 9 10 11 12 13 14 15 16 | 16.8
Earth Magic    | 5 6 7 8 9 10 11 12 13 14 15 16 17 | 17.3
Necromancy     | 1 2 4 5 6 7 |  7.0
Short Blades   | 1 2 |  2.0
Fire Magic     | 2 4 6 7 8 |  8.0
Summonings     | 2 4 5 6 7 8 9 10 | 10.0
Staves         | 3 5 6 |  6.1
Translocations | 5 6 7 |  7.6
Ice Magic      | |  1.0

Action                     |  1- 3 |  4- 6 |  7- 9 | 10-12 | 13-15 | 16-18 | 19-21 | 22-24 | 25-27 || total
---------------------------+-------+-------+-------+-------+-------+-------+-------+-------+-------++-------
  Melee: Dagger            |    20 |     4 |    27 |    21 |    12 |     3 |       |       |       ||    87
         Punch             |       |       |       |       |     1 |       |       |       |       ||     1
         Staff             |       |       |       |       |       |    39 |    13 |     2 |       ||    54
  Throw: Dart              |       |    17 |    22 |     8 |     2 |       |     2 |       |       ||    51
         Javelin           |       |       |     6 |     8 |       |       |       |       |       ||    14
         Throwing net      |       |       |     1 |       |       |       |       |       |       ||     1
   Cast: Sandblast         |    35 |   107 |   210 |   240 |   418 |    56 |   277 |   237 |    33 ||  1613
         Magic Dart        |       |       |    66 |    50 |   121 |    38 |    25 |     4 |       ||   304
         Airstrike         |       |       |       |    87 |   118 |    20 |    20 |     7 |       ||   252
         Passwall          |       |       |       |     1 |       |       |       |       |       ||     1
         Swiftness         |       |       |       |     1 |     1 |     1 |       |       |       ||     3
         Lee's Rapid Decon |       |       |       |    19 |    21 |     2 |       |     1 |     1 ||    44
         Flame Wave        |       |       |       |    11 |    16 |     9 |       |     6 |       ||    42
         Scorch            |       |       |       |     3 |     7 |       |       |       |       ||    10
         Iron Shot         |       |       |       |       |   185 |   407 |   287 |   178 |    70 ||  1127
         Borgnjor's Vile C |       |       |       |       |       |    15 |   160 |    52 |     6 ||   233
         Spellforged Servi |       |       |       |       |       |       |    54 |    50 |    18 ||   122
         Iskenderun's Myst |       |       |       |       |       |       |     4 |     5 |       ||     9
  Evoke: Wand              |       |       |     6 |    38 |     3 |     6 |     4 |     1 |       ||    58
         Box of beasts     |       |       |       |       |       |       |     2 |       |       ||     2
         Phantom mirror    |       |       |       |       |       |       |     1 |       |       ||     1
    Use: Scroll            |       |       |    10 |    19 |     9 |    11 |     4 |     3 |     2 ||    58
         Potion            |       |       |       |     5 |     3 |     2 |     5 |     1 |     1 ||    17
   Stab: Held in net/web   |       |       |     2 |       |       |       |       |       |       ||     2
         Sleeping          |       |       |       |       |       |     1 |       |       |       ||     1
 Armour: Robe              |     8 |     4 |       |       |    15 |    12 |    71 |    45 |    22 ||   177
         Leather armour    |       |    16 |   102 |       |       |       |       |       |       ||   118
         Acid dragon scale |       |       |     5 |   174 |   248 |   158 |    14 |       |       ||   599
  Dodge: Dodged            |    20 |    28 |   143 |   205 |   348 |   165 |   211 |   149 |    45 ||  1314
  Block: Buckler           |       |       |       |       |       |       |    63 |    97 |    28 ||   188
         Reflection        |       |       |       |       |       |       |       |    36 |     2 ||    38
